 Dungeon Crawl Stone Soup version 0.22-a0-605-g9281fa2 (webtiles) character file.

8 TheOrbIsALie the Magician (level 2, 19/19 HPs)
             Began as a Demonspawn Wizard on July 7, 2018.
             Quit the game on level 1 of the Dungeon.
             The game lasted 00:00:30 (151 turns).

TheOrbIsALie the Magician (Demonspawn Wizard)        Turns: 151, Time: 00:00:31

Health: 19/19      AC:  2    Str:  7    XL:     2   Next: 0%
Magic:  4/6        EV: 12    Int: 19    God:
Gold:   0          SH:  0    Dex: 11    Spells: 6/7 levels left

rFire    . . .     SeeInvis .   (no weapon)
rCold    . . .     Gourm    .   (no shield)
rNeg     . . .     Faith    .   a - +0 robe
rPois    .         Spirit   .   b - +0 hat
rElec    .         Reflect  .   (no cloak)
rCorr    .         Harm     .   (no gloves)
MR       .....                  (no boots)
Stlth    ++........             (no amulet)
HPRegen  0.06/turn              (no ring)
MPRegen  0.10/turn              (no ring)

@: no status effects
A: rot immunity
a: no special abilities


You were on level 1 of the Dungeon.
You were not hungry.

You visited 1 branch of the dungeon, and saw 1 of its levels.

Inventory:

Armour
 a - a +0 robe (worn)
 b - a +0 hat (worn)
Comestibles
 c - a chunk of flesh
 d - a ration


   Skills:
 - Level 1.7 Dodging
 - Level 1.7 Stealth
 - Level 3.0 Spellcasting
 + Level 2.1 Conjurations
   Level 1.0 Summonings
   Level 0.8 Translocations


You had 6 spell levels left.
You knew the following spells:

 Your Spells              Type           Power        Failure   Level  Hunger
a - Magic Dart            Conj           ##..         6%          1    None

Your spell library contained the following spells:

 Spells                   Type           Power        Failure   Level  Hunger
 Conjure Flame            Conj/Fire      #.......     30%         3    ###....
 Slow                     Hex            #.......     22%         2    ##.....
 Mephitic Cloud           Conj/Pois/Air  #.......     34%         3    ###....
 Blink                    Tloc           N/A          16%         2    ##.....
 Call Imp                 Summ           #.......     16%         2    ##.....


Dungeon Overview and Level Annotations

Branches:
Dungeon (1/15)

Altars:


Innate Abilities, Weirdness & Mutations

You are immune to rotting.


Message History

No target in view!
Casting: Magic Dart (safe; 7% risk of failure)
Confirm with . or Enter, or press ? or * to list all spells.
You can't see any susceptible monsters within range! (Use Z to cast anyway.) Unknown command.
You start resting.
HP restored.
A goblin comes into view. It is wielding a dagger.
You see here a rat corpse.
Casting: Magic Dart (safe; 7% risk of failure)
Confirm with . or Enter, or press ? or * to list all spells.
Aiming: Magic Dart (safe; 7% risk of failure)
Press: ? - help, Shift-Dir - straight line, f - goblin
Aim: a goblin, wielding a dagger (resting)
The magic dart hits the goblin.
You kill the goblin!
You have reached level 2!
Your demonic ancestry asserts itself...
You feel immune to rotting.
Are you sure you want to abandon this character and quit the game? (Confirm with "yes".)

#). .. ..## ..# ... ###
#.####r... ## ≈≈≈###
#.#......# .#
≈≈≈≈###@#.#....
.##########≈≈≈≈#.#...r# #
.........#≈≈≈≈≈#†#......
#'####...#≈≈≈≈≈#.#..#.###
.....#''##≈≈≈≈≈#.#)......
.....#..≈≈≈≈≈##.....#
######.......'..#####
..†..........'.##
.......≈≈≈≈≈≈###


There were no monsters in sight!

Vanquished Creatures
  A ball python (D:1)
  A goblin (D:1)
  A kobold (D:1)
  2 bats (D:1)
  A frilled lizard (D:1)
  3 rats (D:1)
9 creatures vanquished.

Notes
Turn   | Place    | Note
-------+----------+-------------------------------------------
     0 | D:1      | TheOrbIsALie the Demonspawn Wizard began the quest for the Orb.
     0 | D:1      | Reached XP level 1. HP: 13/13 MP: 4/4
   150 | D:1      | Gained mutation: You are immune to rotting. [demonic ancestry]
   150 | D:1      | Reached XP level 2. HP: 19/19 MP: 4/6
   151 | D:1      | Quit the game

Vault maps used:
D:1:      sevenhm_arrival_forest_fort_large_1

Skill      XL: |  1 |
---------------+----+-----
Conjurations   | 2 |  2.1
Dodging        | |  1.7
Stealth        | |  1.7
Spellcasting   | |  3.0
Summonings     | |  1.0
Translocations | |  0.8

Action                   || total
-------------------------++-------
Melee: Unarmed           ||    17
 Cast: Magic Dart        ||    11
Armor: Robe              ||     6
Dodge: Dodged            ||    12

Table legend:
 A = Spawn XP
 B = Non-spawn XP
 C = Spawn XP percentage of total XP
 D = Spawn monster count
 E = Non-spawn monster count
 F = Spawn count percentage of total count
 G = Total turns spent on level
                    A         B        C        D         E        F      G
               +---------+---------+-------+---------+---------+-------+---------
         Total |       0 |      12 |   0.0 |       0 |       9 |   0.0 |   151
               +---------+---------+-------+---------+---------+-------+---------
           D:1 |       0 |      12 |   0.0 |       0 |       9 |   0.0 |   151
               +---------+---------+-------+---------+---------+-------+---------
